 Dungeon Crawl Stone Soup version 0.21.1-1-g345015f (webtiles) character file.

46 n0claF the Skirmisher (level 3, 0/61 HPs)
             Began as an Ogre Berserker on June 14, 2018.
             Was a Believer of Trog.
             Slain by Crazy Yiuf
             ... wielding a +4 quarterstaff of chaos
              (8 damage)
             ... on level 2 of the Dungeon.
             The game lasted 00:03:57 (1698 turns).

n0claF the Skirmisher (Ogre Berserker)              Turns: 1698, Time: 00:03:58

Health: 0/61       AC:  3    Str: 27    XL:     3   Next: 68%
Magic:  3/3        EV: 10    Int:  8    God:    Trog [**....]
Gold:   106        SH:  0    Dex:  8    Spells: 2/2 levels left

rFire    . . .     SeeInvis .   a - +0 mace
rCold    . . .     Gourm    .   (no shield)
rNeg     . . .     Faith    .   g - +0 robe
rPois    .         Spirit   .   (helmet restricted)
rElec    .         Reflect  .   (no cloak)
rCorr    .         Harm     .   (gloves unavailable)
MR       .....                  (boots unavailable)
Stlth    ..........             (no amulet)
HPRegen  0.20/turn              (no ring)
MPRegen  0.08/turn              (no ring)

@: berserking, slowed, drained
A: large, unfitting armour, tough skin 1
a: Berserk, Trog's Hand, Burn Spellbooks, Renounce Religion


You were on level 2 of the Dungeon.
You worshipped Trog.
Trog was pleased with you.
You were hungry.

You visited 1 branch of the dungeon, and saw 2 of its levels.

You collected 106 gold pieces.

Inventory:

Hand Weapons
 a - a +0 mace (weapon)
Armour
 b - a +0 animal skin
 g - a +0 robe (worn)
   (You found it on level 1 of the Dungeon)
Scrolls
 d - 2 scrolls of teleportation {unknown}
 i - 3 scrolls of identify {unknown}
 j - a scroll of amnesia {unknown}
Potions
 f - 2 potions of curing {unknown}
 h - a potion of resistance {unknown}
Comestibles
 e - 4 rations {!d}


   Skills:
 + Level 4.8(4.5) Fighting
 + Level 3.2(2.9) Maces & Flails
 + Level 3.2(3.0) Dodging


You had 2 spell levels left.
You didn't know any spells.

Dungeon Overview and Level Annotations

Branches:
Dungeon (2/15)

Altars:
Okawaru
Wu Jian

Annotations:
D:2 Crazy Yiuf


Innate Abilities, Weirdness & Mutations

You are too large for most types of armour.
You have tough skin. (AC +1)


Message History

You hit the dart slug. The dart slug launches a dart at you.
The slug dart hits you!
You hit the dart slug.
You kill the dart slug!
Trog accepts your kill.
No target in view!
You butcher the dart slug corpse.
c - a chunk of flesh
Found 12 gold pieces.
Found 3 curare-tipped needles.
You now have 104 gold pieces (gained 12).
Found a stone staircase leading up.
You see here 22 stones.
Found 2 gold pieces.
You now have 106 gold pieces (gained 2).
Eating a chunk of flesh.
You eat the chunk of flesh.
You open the door.
There is an open door here.
There is an open door here.
You open the door.
Crazy Yiuf the Enlightened comes into view.
He is wielding a quarterstaff of chaos.
Crazy Yiuf shouts!
Found a mace.
There is an open door here.
You hit Crazy Yiuf but do no damage.
Crazy Yiuf hits you with a quarterstaff of chaos!
You feel yourself slow down.
You hit Crazy Yiuf but do no damage.
Crazy Yiuf hits you with a quarterstaff of chaos.
Crazy Yiuf burns you.
Crazy Yiuf hits you with a quarterstaff of chaos.
You feel drained.
You completely miss Crazy Yiuf.
Crazy Yiuf hits you with a quarterstaff of chaos.
Crazy Yiuf hits you with a quarterstaff of chaos!
* * * LOW HITPOINT WARNING * * *
Crazy Yiuf freezes you.
* * * LOW HITPOINT WARNING * * *
A red film seems to cover your vision as you go berserk!
You feel yourself moving faster!
You feel mighty!
You are feeling hungry.
Crazy Yiuf hits you with a quarterstaff of chaos.
* * * LOW HITPOINT WARNING * * *
Crazy Yiuf burns you.
* * * LOW HITPOINT WARNING * * *
You sock Crazy Yiuf!
Crazy Yiuf says, "Iron pizzabubble cower!"
Crazy Yiuf hits you with a quarterstaff of chaos!
You die...

..........## #....# ##.....####.
..........# ♣.♣..♣ #.....# #.
..........# ♣...♣♣ ##.....#####
.........## ♣♣.♣♣ #'.....+....
.........# ♣.♣♣ ##...).#####
.........# ♣♣.♣ #.[........
.........# ♣.♣♣ #..(.......
.........# ♣♣.♣ #..........
.........# #@# #..........
.##.##...# #.g.# #..........
##..(##+## #...# ##..........
#.....#### #..)# #...........
.......#.# ##### ########....
..._.....# #....
.......#.####################....
#.....##.##........'.............
##...##..##........##############


You could see Crazy Yiuf.

Vanquished Creatures
  2 dart slugs (D:2)
  A leopard gecko (D:1)
  3 giant cockroaches
  6 goblins
  10 hobgoblins
  2 kobolds (D:1)
  9 bats
  2 frilled lizards
  3 rats (D:1)
38 creatures vanquished.

Notes
Turn   | Place    | Note
-------+----------+-------------------------------------------
     0 | D:1      | n0claF the Ogre Berserker began the quest for the Orb.
     0 | D:1      | Reached XP level 1. HP: 24/24 MP: 1/1
    87 | D:1      | Found an iron altar of Okawaru.
   146 | D:1      | Reached XP level 2. HP: 24/32 MP: 2/2
   542 | D:1      | Reached ** piety under Trog
   542 | D:1      | Reached XP level 3. HP: 25/40 MP: 3/3
  1019 | D:2      | Found an ornate altar of the Wu Jian Council.
  1388 | D:2      | Found a runed door.
  1692 | D:2      | Noticed Crazy Yiuf
  1698 | D:2      | Slain by Crazy Yiuf

Skill      XL: |  1  2 |
---------------+-------+-----
Maces & Flails | 3 |  3.2
Dodging        | 3 |  3.2
Fighting       | |  4.8

Action                   || total
-------------------------++-------
Melee: Mace              ||   119
Invok: Berserk           ||     1
  Eat: Chunk             ||     3
Armor: Animal skin       ||    26
       Robe              ||     5
Dodge: Dodged            ||    74
